[ AOE2 MATCH · #485215663 ]
UnrankedPersians vs Mongols
Player's team · LOSS
Rival team · WIN
[ REPLAY ANALYSIS · EXTRACTED FROM THE RECORDED GAME ]
Feudal
8:45
Castle
20:05
Imperial
—
| APM avg | 46.8 |
| APM peak | 82 |
| eAPM avg | 26.6 |
| Villagers / military | 115 / 143 |
Focus
⚔️ 28.5% · 🌾 71.5%
Militia ×92 · Skirmisher ×30 · Knight ×11 · Mangonel ×4 · Spearman ×4 · Scout Cavalry ×2
Feudal
8:01
Castle
20:35
Imperial
45:51
| APM avg | 33.1 |
| APM peak | 89 |
| eAPM avg | 20.4 |
| Villagers / military | 122 / 173 |
Focus
⚔️ 42.3% · 🌾 57.7%
Cavalry Archer ×60 · Spearman ×52 · Battering Ram ×14 · Monk ×13 · Knight ×11 · Skirmisher ×7
Match map
Initial resources + every placement click. Lines = walls · curves = elevation contours. ◆ gold · ⬟ stone · ● berries · ✦ relic · ◌ wall gap
Your base· Open — 15t gap
LMG_Leonardo's base· ✓ Closed at 20:35 · 37t walls · 1 gate(s)
Smoothed initial terrain · ◌ = detected wall gap · hover for details
Inputs per minute
— Táng Hào - - LMG_Leonardo
Build order — Táng Hào
First 150 of 391 actions detected
| 0:01 | Create | Villager (Male) |
| 0:01 | Create | Villager (Male) |
| 0:02 | Build | House |
| 0:04 | Build | House |
| 0:08 | Create | Villager (Male) |
| 0:23 | Create | Villager (Male) |
| 0:23 | Create | Villager (Male) |
| 0:23 | Create | Villager (Male) |
| 1:21 | Create | Villager (Male) |
| 1:41 | Build | Lumber Camp |
| 2:08 | Create | Villager (Male) |
| 2:22 | Create | Villager (Male) |
| 3:01 | Create | Villager (Male) |
| 3:17 | Create | Villager (Male) |
| 3:45 | Build | House |
| 4:08 | Create | Villager (Male) |
| 4:27 | Build | Mill |
| 4:29 | Create | Villager (Male) |
| 4:33 | Create | Villager (Male) |
| 4:46 | Create | Villager (Male) |
| 5:44 | Create | Villager (Male) |
| 6:09 | Create | Villager (Male) |
| 6:11 | Research | Loom |
| 6:41 | Research | Feudal Age |
| 7:47 | Build | House |
| 7:51 | Build | Barracks |
| 8:45 | Age | Feudal Age |
| 8:47 | Build | Stable |
| 8:49 | Create | Villager (Male) |
| 8:58 | Research | Double-Bit Axe |
| 9:13 | Create | Villager (Male) |
| 9:13 | Create | Villager (Male) |
| 9:24 | Create | Spearman |
| 9:38 | Create | Spearman |
| 9:41 | Create | Scout Cavalry |
| 9:47 | Build | House |
| 9:49 | Build | House |
| 10:06 | Create | Villager (Male) |
| 10:11 | Create | Villager (Male) |
| 10:39 | Create | Villager (Male) |
| 10:41 | Build | Farm |
| 10:43 | Build | Farm |
| 10:44 | Build | Farm |
| 10:47 | Create | Villager (Male) |
| 10:52 | Build | House |
| 11:29 | Create | Villager (Male) |
| 11:57 | Build | Farm |
| 12:00 | Build | Farm |
| 12:01 | Create | Villager (Male) |
| 12:09 | Create | Villager (Male) |
| 12:16 | Build | Farm |
| 12:29 | Build | Farm |
| 12:36 | Build | Farm |
| 13:00 | Create | Villager (Male) |
| 13:03 | Create | Spearman |
| 13:07 | Create | Villager (Male) |
| 13:22 | Create | Villager (Male) |
| 13:24 | Build | Farm |
| 13:24 | Build | Farm |
| 13:25 | Build | Farm |
| 13:25 | Build | Farm |
| 13:25 | Build | Farm |
| 13:32 | Build | House |
| 13:34 | Build | Farm |
| 14:13 | Create | Scout Cavalry |
| 14:17 | Create | Villager (Male) |
| 14:28 | Create | Villager (Male) |
| 14:53 | Create | Villager (Male) |
| 14:55 | Build | Mining Camp |
| 14:56 | Create | Villager (Male) |
| 15:05 | Create | Villager (Male) |
| 15:12 | Build | Farm |
| 15:12 | Build | Farm |
| 15:12 | Build | Farm |
| 15:13 | Build | Farm |
| 15:13 | Build | Farm |
| 15:57 | Create | Villager (Male) |
| 16:16 | Create | Villager (Male) |
| 16:22 | Build | Blacksmith |
| 16:50 | Build | House |
| 16:52 | Build | House |
| 16:59 | Create | Villager (Male) |
| 17:23 | Build | Palisade Wall |
| 17:29 | Build | Palisade Wall |
| 17:40 | Research | Castle Age |
| 18:10 | Build | Lumber Camp |
| 18:11 | Create | Villager (Male) |
| 18:51 | Build | Stable |
| 18:53 | Research | Bloodlines |
| 18:56 | Research | Wheelbarrow |
| 18:57 | Create | Villager (Male) |
| 19:16 | Build | Stable |
| 19:29 | Build | House |
| 19:37 | Build | House |
| 20:05 | Age | Castle Age |
| 20:07 | Research | Gold Mining |
| 20:07 | Create | Knight |
| 20:08 | Create | Knight |
| 20:16 | Create | Villager (Male) |
| 20:28 | Create | Knight |
| 20:31 | Create | Villager (Male) |
| 20:47 | Create | Villager (Male) |
| 20:57 | Create | Villager (Male) |
| 21:19 | Create | Knight |
| 21:19 | Create | Knight |
| 21:24 | Create | Villager (Male) |
| 21:30 | Build | Town Center |
| 21:44 | Create | Knight |
| 21:51 | Create | Villager (Male) |
| 22:12 | Create | Knight |
| 22:13 | Create | Villager (Male) |
| 22:37 | Create | Villager (Male) |
| 22:45 | Research | Man-at-Arms (upgrade) |
| 22:46 | Create | Militia |
| 22:47 | Create | Militia |
| 22:47 | Create | Militia |
| 22:58 | Create | Villager (Male) |
| 23:03 | Build | Barracks |
| 23:24 | Create | Militia |
| 23:34 | Research | Squires |
| 23:45 | Research | Long Swordsman (upgrade) |
| 23:49 | Create | Militia |
| 23:50 | Create | Villager (Male) |
| 23:50 | Create | Villager (Male) |
| 24:12 | Create | Militia |
| 24:12 | Create | Militia |
| 24:14 | Research | Scale Barding Armor |
| 24:18 | Research | Forging |
| 24:34 | Create | Militia |
| 24:58 | Create | Militia |
| 25:11 | Build | Barracks |
| 25:23 | Research | Iron Casting |
| 25:25 | Create | Villager (Male) |
| 25:33 | Create | Villager (Male) |
| 25:33 | Create | Villager (Male) |
| 25:41 | Create | Militia |
| 25:41 | Create | Militia |
| 26:00 | Create | Militia |
| 26:00 | Create | Militia |
| 26:15 | Create | Villager (Male) |
| 26:20 | Create | Villager (Male) |
| 26:28 | Build | Farm |
| 26:28 | Build | Farm |
| 26:28 | Build | Farm |
| 26:28 | Build | Farm |
| 26:28 | Build | Farm |
| 26:29 | Build | Farm |
| 26:29 | Build | Farm |
| 26:29 | Build | Farm |
| 26:31 | Create | Villager (Male) |
Build order — LMG_Leonardo
First 150 of 442 actions detected
| 0:01 | Create | Villager (Male) |
| 0:01 | Create | Villager (Male) |
| 0:01 | Create | Villager (Male) |
| 0:01 | Create | Villager (Male) |
| 0:03 | Build | House |
| 0:04 | Build | House |
| 1:37 | Create | Villager (Male) |
| 1:37 | Create | Villager (Male) |
| 1:59 | Build | Lumber Camp |
| 2:03 | Create | Villager (Male) |
| 2:20 | Create | Villager (Male) |
| 2:20 | Create | Villager (Male) |
| 2:21 | Create | Villager (Male) |
| 2:41 | Build | House |
| 3:04 | Create | Villager (Male) |
| 3:04 | Create | Villager (Male) |
| 3:04 | Create | Villager (Male) |
| 3:47 | Create | Villager (Male) |
| 3:47 | Create | Villager (Male) |
| 3:58 | Research | Loom |
| 5:01 | Build | Mill |
| 5:10 | Create | Villager (Male) |
| 5:49 | Research | Feudal Age |
| 5:49 | Research | Feudal Age |
| 6:15 | Create | Villager (Male) |
| 6:16 | Create | Villager (Male) |
| 6:54 | Build | House |
| 7:03 | Build | Barracks |
| 8:01 | Age | Feudal Age |
| 8:02 | Build | Stable |
| 8:08 | Research | Double-Bit Axe |
| 8:08 | Research | Double-Bit Axe |
| 8:16 | Build | House |
| 8:22 | Create | Villager (Male) |
| 8:37 | Create | Spearman |
| 9:01 | Build | House |
| 9:03 | Build | House |
| 9:06 | Create | Villager (Male) |
| 9:07 | Create | Scout Cavalry |
| 9:08 | Create | Scout Cavalry |
| 9:30 | Build | Farm |
| 9:32 | Build | Farm |
| 9:38 | Create | Villager (Male) |
| 9:38 | Create | Villager (Male) |
| 9:47 | Build | Farm |
| 9:49 | Build | Farm |
| 9:56 | Build | House |
| 10:02 | Create | Villager (Male) |
| 10:15 | Build | Palisade Wall |
| 10:22 | Build | Palisade Wall |
| 10:25 | Create | Villager (Male) |
| 10:26 | Create | Villager (Male) |
| 10:37 | Create | Villager (Male) |
| 10:37 | Create | Villager (Male) |
| 11:10 | Create | Villager (Male) |
| 11:27 | Create | Villager (Male) |
| 11:27 | Create | Villager (Male) |
| 11:41 | Create | Villager (Male) |
| 11:42 | Create | Villager (Male) |
| 12:00 | Build | Farm |
| 12:02 | Build | Farm |
| 12:11 | Build | Farm |
| 12:12 | Create | Villager (Male) |
| 12:49 | Create | Villager (Male) |
| 12:49 | Create | Villager (Male) |
| 13:06 | Build | Farm |
| 13:06 | Build | Farm |
| 13:07 | Build | Farm |
| 13:22 | Create | Villager (Male) |
| 13:30 | Build | Farm |
| 13:30 | Build | Farm |
| 13:30 | Build | Farm |
| 13:31 | Build | Farm |
| 13:36 | Create | Spearman |
| 13:36 | Create | Spearman |
| 14:01 | Build | Farm |
| 14:29 | Create | Villager (Male) |
| 14:29 | Create | Villager (Male) |
| 14:42 | Create | Villager (Male) |
| 14:46 | Build | House |
| 14:50 | Build | Blacksmith |
| 14:58 | Research | Horse Collar |
| 15:34 | Build | House |
| 15:36 | Build | House |
| 15:50 | Create | Villager (Male) |
| 15:50 | Create | Villager (Male) |
| 16:00 | Build | Palisade Wall |
| 16:14 | Build | Mining Camp |
| 16:19 | Create | Villager (Male) |
| 16:20 | Create | Villager (Male) |
| 16:20 | Create | Villager (Male) |
| 16:38 | Create | Villager (Male) |
| 16:38 | Create | Villager (Male) |
| 16:46 | Build | Farm |
| 17:11 | Build | Lumber Camp |
| 17:29 | Build | House |
| 17:51 | Research | Castle Age |
| 17:51 | Research | Castle Age |
| 18:03 | Build | Palisade Gate |
| 18:14 | Research | Scale Mail Armor |
| 18:21 | Create | Villager (Male) |
| 18:22 | Create | Villager (Male) |
| 19:17 | Create | Villager (Male) |
| 19:20 | Research | Forging |
| 19:28 | Build | Farm |
| 19:43 | Build | House |
| 19:45 | Build | House |
| 19:50 | Create | Spearman |
| 19:51 | Create | Spearman |
| 19:51 | Create | Spearman |
| 19:51 | Create | Spearman |
| 19:51 | Create | Spearman |
| 20:35 | Age | Castle Age |
| 20:37 | Research | Wheelbarrow |
| 20:40 | Research | Pikeman (upgrade) |
| 20:50 | Build | Siege Workshop |
| 21:00 | Create | Spearman |
| 21:00 | Create | Spearman |
| 21:13 | Build | Barracks |
| 21:50 | Create | Villager (Male) |
| 21:51 | Create | Villager (Male) |
| 21:56 | Build | Monastery |
| 22:05 | Build | Palisade Wall |
| 22:08 | Build | Palisade Wall |
| 22:29 | Create | Battering Ram |
| 22:44 | Create | Monk |
| 22:44 | Create | Monk |
| 22:55 | Build | Farm |
| 22:59 | Create | Militia |
| 22:59 | Create | Militia |
| 23:02 | Create | Spearman |
| 23:02 | Create | Spearman |
| 23:05 | Research | Chain Mail Armor |
| 23:07 | Create | Villager (Male) |
| 23:07 | Create | Villager (Male) |
| 23:11 | Create | Monk |
| 23:11 | Create | Monk |
| 23:30 | Create | Spearman |
| 23:31 | Create | Spearman |
| 23:31 | Create | Spearman |
| 23:31 | Create | Spearman |
| 23:31 | Create | Spearman |
| 23:32 | Create | Spearman |
| 23:51 | Create | Spearman |
| 23:52 | Create | Spearman |
| 23:52 | Create | Spearman |
| 23:52 | Create | Spearman |
| 23:52 | Create | Spearman |
| 23:55 | Create | Villager (Male) |
| 23:55 | Create | Villager (Male) |
Match timeline
| 7:03 | LMG_Leonardo · first_building Barracks |
| 7:51 | Táng Hào · first_building Barracks |
| 8:01 | LMG_Leonardo · age_up feudal |
| 8:02 | LMG_Leonardo · first_building Stable |
| 8:45 | Táng Hào · age_up feudal |
| 8:47 | Táng Hào · first_building Stable |
| 10:15 | LMG_Leonardo · wall_segment Palisade Wall x19 |
| 10:22 | LMG_Leonardo · wall_segment Palisade Wall x6 |
| 16:00 | LMG_Leonardo · wall_segment Palisade Wall x12 |
| 17:23 | Táng Hào · wall_segment Palisade Wall x7 |
| 17:29 | Táng Hào · wall_segment Palisade Wall x11 |
| 20:05 | Táng Hào · age_up castle |
| 20:35 | LMG_Leonardo · age_up castle |
| 20:50 | LMG_Leonardo · first_building Siege Workshop |
| 21:56 | LMG_Leonardo · first_building Monastery |
| 22:05 | LMG_Leonardo · wall_segment Palisade Wall x1 |
| 22:08 | LMG_Leonardo · wall_segment Palisade Wall x1 |
| 25:48 | LMG_Leonardo · first_building Archery Range |
| 33:16 | Táng Hào · first_building Siege Workshop |
| 34:30 | LMG_Leonardo · first_market_sell 100 wood |
| 38:19 | Táng Hào · first_building Archery Range |
| 43:23 | LMG_Leonardo · first_building Castle |
| 43:36 | Táng Hào · first_building Monastery |
| 45:51 | LMG_Leonardo · age_up imperial |
| 46:08 | LMG_Leonardo · first_market_buy 100 food |
| 46:16 | Táng Hào · resign |
[ AI ANALYSIS · 1 CREDIT ]
What really happened in this match?
Wolo.gg analyzes every decision: build order, eco, micro, common mistakes by bracket. Personalized analysis on WhatsApp or Discord in 30 seconds.
Civ guide
Persians
Perfil
Jugador #6481045